 Dungeon Crawl Stone Soup version 0.28-a0-845-gfc338a8e3c (webtiles) character file.

Game seed: 6628676257914056468

0 spiderkeys the Ducker (level 1, -8/13 HPs)
             Began as a Deep Elf Abyssal Knight on Nov 13, 2021.
             Was a Follower of Lugonu.
             Mangled by a large abomination (21 damage)
             ... on level 2 of the Abyss.
             The game lasted 00:00:49 (109 turns).

spiderkeys the Ducker (Deep Elf Abyssal Knight)      Turns: 109, Time: 00:00:50

Health: -8/13      AC:  3    Str: 10    XL:     1   Next: 0%
Magic:  4/4        EV: 12    Int: 14    God:    Lugonu [*.....]
Gold:   28         SH:  0    Dex: 15    Spells: 0/0 levels left

rFire   . . .      SeeInvis .   a - +1 short sword
rCold   . . .      Faith    .   (no shield)
rNeg    . . .      Spirit   .   b - +0 leather armour
rPois   .          Reflect  .   (no helmet)
rElec   .          Harm     .   (no cloak)
rCorr   .          Rampage  .   (no gloves)
Will    .....                   (no boots)
Stlth   +.........              (no amulet)
HPRegen 0.04/turn               (no ring)
MPRegen 0.09/turn               (no ring)

@: no status effects
A: no striking features
a: Renounce Religion, Depart the Abyss


You were on level 2 of the Abyss.
You worshipped Lugonu.
Lugonu was aware of your devotion.
You visited 0 branches of the dungeon, and saw 0 of its levels.
You visited the Abyss 1 time.

You collected 28 gold pieces.


   Skills:
 + Level 2.4 Fighting
 + Level 2.0 Short Blades
 + Level 0.7 Armour
 + Level 2.4 Dodging
 + Level 2.0 Invocations


You couldn't memorise any spells.
You didn't know any spells.
Your spell library was empty.

Inventory:

Hand Weapons
 a - a +1 short sword (weapon)
Armour
 b - a +0 leather armour (worn)
Wands
 d - a wand of mindburst (10)
   (You found it on level 2 of the Abyss)
Scrolls
 c - a scroll of identify {unknown}
Miscellaneous
 e - a phial of floods
   (You found it on level 2 of the Abyss)

Dungeon Overview and Level Annotations

Branches:
Dungeon (0/15)

Altars:

##### # #.@.## #
#.X..#. .
.+......#. ##.#..##
.. ###..##
..##.#####.########
.. ..#
##.##........ยง #.
. ...#...โ”‚#X#
.... . #.....#
.3โ”‚...(....


You could see a tentacled starspawn and a large abomination.


Message History

๐Ÿค– Initializing magus.rc ... โœ… Successfully initialized magus.rc [v1.9.10] Welcome, spiderkeys the Deep Elf Abyssal Knight.
Will you prevail where others failed? Will you find the Orb of Zot?
Lugonu says: Depart the Abyss and spread corruption, my servant! (use the ability menu to exit the Abyss) Press ? for a list of commands and other information.
Found a corrupted altar of Lugonu.
Found a corrupted altar of Lugonu.
You are suddenly pulled into a different region of the Abyss!
Found a scroll labelled WEXILLIBRU.
Found a gateway leading deeper into the Abyss.
c - a scroll labelled WEXILLIBRU
There is a gateway leading deeper into the Abyss here.
You plunge deeper into the Abyss.
d - a wand of mindburst (10)
e - a phial of floods
f - a viscous amethyst potion
g - a white potion A tentacled starspawn comes into view.
You now have 28 gold pieces.
A tentacle flies out from the starspawn's body!
A starspawn tentacle comes into view.
A thrashing horror comes into view.
Aiming: Mindburst
Press: ? - help, Shift-Dir - straight line, f - thrashing horror
Aim: a thrashing horror (chance to affect: 30%)
Okay, then.
Tentacles burst from the starspawn's body! 2 starspawn tentacles come into view.
A large abomination comes into view.
Found a corrupted altar of Lugonu.
A tentacle flies out from the starspawn's body!
A starspawn tentacle comes into view.
A neqoxec comes into view.
The neqoxec shouts!
You hear a chilling moan.
The large abomination hits you!
Ouch! That really hurt!
* * * LOW HITPOINT WARNING * * *
๐Ÿ˜ฑ HP[-12]
You take 12 damage, and now have 1/13 hp.
MASSIVE DAMAGE!! (PAUSE) Tentacles burst from the starspawn's body! 2 starspawn tentacles come into view. ๐Ÿ˜ฑ HP[+1]
The neqoxec gestures at you.
Something tries to feed on your intellect!
The starspawn tentacle completely misses you.
The large abomination barely misses you.
It was a potion of cancellation.
You feel magically purged.
The large abomination barely misses you.
It was a potion of heal wounds.
You feel much better. The large abomination hits you!!
Ouch! That really hurt!
You die...

Action                   || total
-------------------------++-------
  Use: Potion            ||     2
Dodge: Dodged            ||     3

Levels and vault maps discovered:
Abyss:2:  base: Temple, hangedman_abyss_river_spirits

Notes
Turn   | Place    | Note
-------+----------+-------------------------------------------
     0 | Abyss:1  | spiderkeys the Deep Elf Abyssal Knight began the quest for
                  | the Orb.
     0 | Abyss:1  | Reached XP level 1. HP: 13/13 MP: 4/4
     0 | Abyss:1  | magus.rc [v1.9.10]
     1 | Abyss:1  | Found a corrupted altar of Lugonu.
    68 | Abyss:2  | Noticed a tentacled starspawn
    75 | Abyss:2  | Noticed a thrashing horror
    89 | Abyss:2  | Noticed a large abomination
    90 | Abyss:2  | Found a corrupted altar of Lugonu.
    94 | Abyss:2  | Noticed a neqoxec
    95 | Abyss:2  | HP: 1/13 [large abomination (12)]
   109 | Abyss:2  | Mangled by a large abomination

Vanquished Creatures (others)
  8 starspawn tentacles (Abyss:2)
8 creatures vanquished.

Table legend:
 A = Non-vault XP
 B = Vault XP
 C = Vault XP percentage of total XP
 D = Non-vault monster count
 E = Vault monster count
 F = Vault count percentage of total count
                 A         B        C        D         E       F
            +---------+---------+-------+---------+---------+-------
      Total |       0 |       0 |   N/A |       0 |       0 |  -nan
            +---------+---------+-------+---------+---------+-------
            +---------+---------+-------+---------+---------+-------

Illustrated notes

Table legend: (Time is in decaauts)
 A = Elapsed time spent in this place.
 B = Non-inter-level travel time spent in this place.
 C = Inter-level travel time spent in this place.
 D = Time resting spent in this place.
 E = Time spent auto-exploring this place.
 F = Levels seen in this place.
 G = Mean time per level.
                   A        B        C        D        E       F      G
               +--------+--------+--------+--------+--------+-----+--------+
         Total |    108 |    108 |      0 |      0 |      1 |   2 |   54.0 |
         Abyss |    108 |    108 |      0 |      0 |      1 |   2 |   54.0 |
               +--------+--------+--------+--------+--------+-----+--------+

Top non-repeatable levels by time:
 Abyss:2: 88 daAuts
 Abyss:1: 20 daAuts
